 Dungeon Crawl Stone Soup version 0.18.1-50-g88ac8fd (webtiles) character file.

172 Nordron the Changer (level 5, 0/33 HPs)
             Began as an Octopode Transmuter on Oct 2, 2016.
             Slain by Nordron's ghost (2 damage)
             ... on level 3 of the Dungeon.
             The game lasted 00:09:15 (3906 turns).

Nordron the Changer (Octopode Transmuter)           Turns: 3906, Time: 00:09:16

Health: 0/33       AC:  1    Str: 13    XL:     5   Next: 53%
Magic:  8/8        EV: 12    Int: 16    God:
Gold:   48         SH:  0    Dex: 13    Spells: 2 memorised, 4 levels left

rFire  . . .     SeeInvis .     e - +0 spear
rCold  . . .     Gourm    .     (no shield)
rNeg   . . .     Faith    .     (helmet restricted)
rPois  .         Spirit   .     (no amulet)
rElec  .         Dismiss  .     r - +4 ring of strength (curse)
rCorr  .         Reflect  .     (no ring)
SustAt .         Harm     .     (no ring)
MR     .....                    (no ring)
Stlth  ++........               (no ring)
                                (no ring)
                                (no ring)
                                (no ring)

@: appendage, not resistant to hostile enchantments, unstealthy
A: almost no armour, amphibious, 8 rings, constrict 8, tentacle spike 3,
camouflage 1, gelatinous body 1
a: End Transformation


You were on level 3 of the Dungeon.
You were not hungry.
One of your tentacles had a temporary spike.
You visited 1 branch of the dungeon, and saw 3 of its levels.

You collected 48 gold pieces.

Inventory:

Hand Weapons
 e - a +0 spear (weapon)
Missiles
 a - 12 arrows
Jewellery
 r - a cursed +4 ring of strength (left tentacle)
Scrolls
 g - 2 scrolls of blinking {unknown}
 h - a scroll of identify {unknown}
 i - 5 scrolls of remove curse {unknown}
 k - a scroll of amnesia {unknown}
 l - a scroll of enchant weapon {unknown}
 m - a scroll of teleportation {unknown}
 n - a scroll of fog {unknown}
 q - a scroll of enchant armour {unknown}
Potions
 d - a potion of curing {unknown}
 f - a potion of heal wounds {unknown}
 j - 2 potions of degeneration {unknown}
Books
 b - a book of Changes

   Spells                             Type                      Level
   a - Beastly Appendage              Transmutation                1
   b - Sticks to Snakes               Transmutation                2
   c - Spider Form                    Transmutation/Poison         3
   d - Ice Form                       Ice/Transmutation            4
   e - Blade Hands                    Transmutation                5
Comestibles
 c - 4 bread rations
 o - a chunk of flesh
 p - a beef jerky


   Skills:
 - Level 1.0 Fighting
 - Level 2.0 Dodging
 - Level 3.0 Unarmed Combat
 - Level 2.0 Spellcasting
 * Level 5.5 Transmutations


You had 4 spell levels left.
You knew the following spells:

 Your Spells              Type           Power        Failure   Level  Hunger
a - Beastly Appendage     Trmt           ###...       1%          1    #......
b - Spider Form           Trmt/Pois      ##........   21%         3    ###....


Dungeon Overview and Level Annotations

Branches:
Dungeon (3/15)

Altars:
Qazlal

Annotations:
D:3 Nordron's ghost, amateur OpTm


Innate Abilities, Weirdness & Mutations

You cannot wear most types of armour.
You are amphibious.
You can wear up to eight rings at the same time.
You can use your tentacles to constrict eight enemies at once.
Your skin changes colour to match your surroundings (Stealth).
Your rubbery body absorbs attacks (AC +1).
One of your tentacles bears a large vicious spike.


Message History

Your tentacle spike misses Nordron's ghost.
Nordron's ghost is lightly damaged.
Nordron's ghost barely misses you.
You barely miss Nordron's ghost.
Your tentacle spike misses Nordron's ghost.
Nordron's ghost is lightly damaged.
Nordron's ghost barely misses you.
You hit Nordron's ghost.
Nordron's ghost is moderately damaged.
Nordron's ghost closely misses you.
You hit Nordron's ghost.
You squeeze Nordron's ghost, but do no damage.
Nordron's ghost is moderately damaged.
Nordron's ghost hits you.
* * * LOW HITPOINT WARNING * * *
You barely miss Nordron's ghost.
You pierce Nordron's ghost.
Nordron's ghost is moderately damaged.
Nordron's ghost hits you.
* * * LOW HITPOINT WARNING * * *
You die...

.....#...#..........#(#
.....#.#.#.###....###...
.....#.#.#.#...........
.....#...............(.
.....#.#.#.#.<..####.##
......)..#.####.##.#.##
+#'#.#>............$...
...#.##########.##.#+##..
.###.# #.@W)...(.. .# #.#
#####...... .# #.######
.?... .# #......# .... .#
##.....# ... .####.....#
.. .........## .
##########


You could see Nordron's ghost.

Vanquished Creatures
  An orc wizard (D:2)
  7 adders
  2 oozes (D:2)
  A worm (D:2)
  3 orcs
  3 bats
  2 giant cockroaches
  12 hobgoblins
  8 jackals
  10 kobolds
  3 giant newts
  8 goblins
  6 rats
66 creatures vanquished.

Notes
Turn   | Place    | Note
--------------------------------------------------------------
     0 | D:1      | Nordron the Octopode Transmuter began the quest for the Orb.
     0 | D:1      | Reached XP level 1. HP: 13/13 MP: 3/3
   248 | D:1      | Reached XP level 2. HP: 9/18 MP: 5/5
   478 | D:1      | Reached skill level 3 in Transmutations
  1297 | D:1      | Reached XP level 3. HP: 18/23 MP: 4/6
  1852 | D:1      | Learned a level 3 spell: Spider Form
  2042 | D:2      | Reached skill level 4 in Transmutations
  2438 | D:2      | Found a faded altar to an unknown god.
  2467 | D:2      | Reached XP level 4. HP: 25/28 MP: 5/7
  2652 | D:2      | Found a stormy altar of Qazlal.
  3436 | D:2      | Reached skill level 5 in Transmutations
  3436 | D:2      | Reached XP level 5. HP: 31/33 MP: 6/8
  3895 | D:3      | Noticed Nordron's ghost (amateur OpTm)
  3906 | D:3      | Slain by Nordron's ghost

Skill      XL: |  1  2  3  4 |
---------------+-------------+-----
Transmutations | 3 4 5 |  5.5
Fighting       | |  1.0
Dodging        | |  2.0
Unarmed Combat | |  3.0
Spellcasting   | |  2.0

Action                   |  1- 3 |  4- 6 || total
-------------------------+-------+-------++-------
Melee: Spear             |   111 |    78 ||   189
       Unarmed           |     8 |       ||     8
       Constrict         |    33 |    18 ||    51
       Kick              |    25 |    12 ||    37
       Tentacles         |    15 |    10 ||    25
       Punch             |     1 |       ||     1
 Cast: Beastly Appendage |    16 |    15 ||    31
 Stab: Sleeping          |     5 |     2 ||     7
  Eat: Chunk             |     5 |     5 ||    10
Armor: Skin              |     5 |     9 ||    14
Dodge: Dodged            |    76 |    36 ||   112
